 Dungeon Crawl Stone Soup version 0.18-a0-1745-gffa9a88 (webtiles) character file.

1309 4thArraOfDagon the Cleaver (level 8, -9/71 HPs)
             Began as a Minotaur Chaos Knight on Apr 11, 2016.
             Mangled by a wraith (10 damage)
             ... in an ossuary.
             The game lasted 00:11:04 (2001 turns).

4thArraOfDagon the Cleaver (Minotaur Chaos Knight)  Turns: 2001, Time: 00:11:05

Health: -9/71      AC:  6    Str: 22    XL:     8   Next: 32%
Magic:  7/7        EV: 12    Int: 11    God:    Xom [..*...]
Gold:   226        SH:  0    Dex: 10    Spells: 0 memorised, 7 levels left

rFire  . . .     SeeInvis .     a - +0 hand axe (chaos)
rCold  . . .     Gourm    .     b - +2 leather armour
rNeg   . . .     Faith    .     (no shield)
rPois  +         Spirit   .     (helmet restricted)
rElec  .         Dismiss  .     (no cloak)
rCorr  .         Reflect  .     e - +0 pair of gloves
SustAt .         Harm     .     (no boots)
MR     +....                    (no amulet)
Stlth  +.........               f - ring of poison resistance
                                s - ring of protection from magic

@: mighty, very slightly contaminated, slowed, heavily drained, invisible, very
slow, somewhat resistant to hostile enchantments, very unstealthy
A: retaliatory headbutt, horns 2
a: Renounce Religion


You were in an ossuary.
You worshipped Xom.
You were a toy of Xom.
You were hungry.

You visited 1 branch of the dungeon, and saw 6 of its levels.
You also visited: Sewer and Ossuary.

You collected 323 gold pieces.
You spent 97 gold pieces at shops.

Inventory:

Hand Weapons
 a - a +0 hand axe of chaos (weapon)
Armour
 b - a +2 leather armour (worn)
 e - a +0 pair of gloves (worn)
 h - a +0 chain mail
Jewellery
 f - a ring of poison resistance (right hand)
 n - an uncursed ring of resist corrosion
 s - a ring of protection from magic (left hand)
Wands
 k - a wand of acid (4/15)
Scrolls
 d - a scroll of random uselessness
 i - 2 scrolls of blinking
 j - 2 scrolls of fog {unknown}
 o - a scroll of enchant armour {unknown}
 t - 2 scrolls of fear {unknown}
 v - a scroll of noise {unknown}
Potions
 p - a potion of magic {unknown}
 r - a potion of haste
 u - a potion of lignification {unknown}
 w - a potion of might
 z - a potion of brilliance {unknown}
 A - a potion of degeneration {unknown}
Comestibles
 c - 3 bread rations
 g - 6 chunks of flesh
 l - a royal jelly
 m - a slice of pizza


   Skills:
 + Level 6.4(5.0) Fighting
 * Level 8.1(6.6) Axes
 + Level 6.1(4.7) Armour
 + Level 5.2(3.8) Dodging


You had 7 spell levels left.
You didn't know any spells.

Dungeon Overview and Level Annotations

Branches:
Dungeon (6/15)             Temple (0/1) D:6

Altars:
Okawaru

Shops:
D:4 ?

Annotations:
D:5 dobroeutro's ghost, novice GrFi


Innate Abilities, Weirdness & Mutations

You reflexively headbutt those who attack you in melee.
You have a pair of horns on your head.


Message History

There is an open door here.
Drink which item? (? for menu, Esc to quit)
You fade into invisibility!
The wraith hits you!
* * * LOW HITPOINT WARNING * * *
You are very lightly contaminated with residual magic.
Unknown command.
You hit the wraith.
The wraith is heavily damaged.
The wraith hits you!
* * * LOW HITPOINT WARNING * * *
The wraith drains your vigour!
You feel yourself slow down.
Unknown command.
Unknown command.
Unknown command.
You barely miss the wraith. You headbutt the wraith!
The wraith is severely damaged.
The wraith hits you!
You die...
Xom roars with laughter!

#################
#...............#
#.)##..###..##@.#
#.#.#..# #..#W#.# #
#.###..###..###.# #
#...............#
###.###.......###.#
..'.#z#.......# #.#
###.###.......# #.#
# #...............#
# #.###..###..###.#


You could see a wraith.

Vanquished Creatures
  2 ice beasts
  A sky beast (D:5)
  A necrophage (D:5)
  2 ogres
  3 giant frogs
  3 wights (Ossuary)
  2 crimson imps (D:5)
  An orc wizard (D:4)
  A worker ant (D:5)
  A howler monkey skeleton (D:4)
  6 adders
  8 oozes (Sewer)
  A worm (D:5)
  9 giant geckos
  4 orcs
  A bat (D:3)
  11 giant cockroaches
  3 goblins
  3 jackals (D:6)
  A quokka (D:6)
  12 ball pythons (Sewer)
  A ball python skeleton (Ossuary)
  A giant gecko skeleton (D:4)
  12 giant newts
  A hobgoblin skeleton (Ossuary)
  6 kobolds
  A kobold zombie (Ossuary)
  An orc skeleton (Ossuary)
  2 orc zombies (Ossuary)
101 creatures vanquished.

Vanquished Creatures (collateral kills)
  Pikel (D:4)
  A jelly (D:4)
  A hound skeleton (D:4)
  An adder (D:4)
  A giant newt (Sewer)
5 creatures vanquished.

Grand Total: 106 creatures vanquished

Notes
Turn   | Place    | Note
--------------------------------------------------------------
     0 | D:1      | 4thArraOfDagon the Minotaur Chaos Knight began the quest for the Orb.
     0 | D:1      | Reached XP level 1. HP: 19/19 MP: 0/0
   191 | D:3      | Reached XP level 2. HP: 26/27 MP: 1/1
   261 | D:3      | XOM: harmless Air miscast
   403 | D:3      | Found a glowing drain.
   408 | Sewer    | Entered a sewer
   468 | Sewer    | Reached XP level 3. HP: 26/33 MP: 2/2
   506 | Sewer    | Reached skill level 4 in Axes
   585 | Sewer    | Reached XP level 4. HP: 31/40 MP: 3/3
   620 | Sewer    | XOM: harmless Chrm miscast
   692 | Sewer    | Reached XP level 5. HP: 40/47 MP: 4/4
   701 | Sewer    | XOM: summons friendly crimson imp
   714 | Sewer    | Reached skill level 5 in Axes
   853 | D:4      | Noticed an ogre
   909 | D:4      | Found an iron altar of Okawaru.
   909 | D:4      | Noticed a slave
   916 | D:4      | XOM: snakes to sticks
   927 | D:4      | a slave changed into a giant frog
   927 | D:4      | XOM: polymorph slave -> giant frog
   943 | D:4      | Reached XP level 6. HP: 31/55 MP: 5/5
   970 | D:4      | Found Jacsim's Magic Scroll Boutique.
   980 | D:4      | Bought a scroll of magic mapping for 45 gold pieces
   980 | D:4      | Bought a scroll of identify for 26 gold pieces
   980 | D:4      | Bought a scroll of identify for 26 gold pieces
  1077 | D:4      | Reached skill level 5 in Fighting
  1135 | D:4      | XOM: god gift: 36 gold pieces
  1212 | D:4      | Noticed Pikel
  1214 | D:4      | Noticed a slave
  1214 | D:4      | Noticed a slave
  1217 | D:4      | Killed Pikel
  1217 | D:4      | Reached skill level 6 in Axes
  1217 | D:4      | Reached skill level 5 in Armour
  1217 | D:4      | Reached XP level 7. HP: 61/61 MP: 6/6
  1257 | D:5      | Entered Level 5 of the Dungeon
  1257 | D:5      | Noticed dobroeutro's ghost (novice GrFi)
  1332 | D:5      | XOM: butterfly on damage
  1369 | D:5      | XOM: god gift: 36 gold pieces
  1389 | D:5      | XOM: fog
  1395 | D:5      | Reached skill level 7 in Axes
  1473 | D:5      | XOM: summons friendly iron imp
  1526 | D:5      | Reached XP level 8. HP: 39/70 MP: 7/7
  1526 | D:5      | XOM: polymorph iron imp -> crimson imp
  1542 | D:5      | XOM: divination: magic mapping
  1549 | D:5      | XOM: divination: detect items
  1571 | D:5      | XOM: harmless Air miscast
  1574 | D:5      | XOM: harmless Hex miscast
  1580 | D:5      | XOM: blink monster(s)
  1604 | D:5      | XOM: mild Divn miscast
  1616 | D:5      | XOM: harmless Hex miscast
  1618 | D:5      | XOM: harmless Tloc miscast
  1624 | D:5      | XOM: cast spell 'Summon Butterflies'
  1638 | D:5      | Reached skill level 5 in Dodging
  1642 | D:5      | XOM: confuse monster(s)
  1648 | D:5      | XOM: divination: detect items
  1666 | D:5      | XOM: divination: magic mapping
  1678 | D:5      | XOM: divination: magic mapping
  1703 | D:5      | XOM: confuse monster(s)
  1707 | D:5      | XOM: cast spell 'Spider Form'
  1708 | D:5      | XOM: harmless Divn miscast
  1719 | D:5      | XOM: confuse monster(s)
  1809 | D:6      | Found a sand-covered staircase.
  1849 | Ossuary  | Entered an ossuary
  1911 | Ossuary  | Reached skill level 8 in Axes
  1935 | Ossuary  | Noticed a flying skull
  1942 | Ossuary  | Noticed a flying skull
  2000 | Ossuary  | HP: 1/71 [wraith (7)]
  2001 | Ossuary  | Mangled by a wraith

Vault maps used:
D:1:      co_arrival_random_square_maze, minivault_24
D:3:      portal_sewer_entry_e, minmay_misc_feat_secret_circle,
          nemelex_spade_bored_becter
D:4:      serial_shops, nicolae_shop_waterfront, okawaru_gym_becter, uniq_pikel
D:5:      minmay_overflow_temple_star_hex, first_bread, fedhas_altar_1
D:6:      minmay_temple_entry_statues_fountains, nicolae_ossuary_entry_monument
Sewer:    sewer_frog_island_02
Ossuary:  ossuary_due_cavern

Skill      XL: |  1  2  3  4  5  6  7  8 |
---------------+-------------------------+-----
Armour         | 3 4 5 6 |  6.1
Axes           | 4 5 6 7 8 |  8.1
Fighting       | 4 5 6 |  6.4
Dodging        | 2 3 4 5 |  5.2

Action                   |  1- 3 |  4- 6 |  7- 9 || total
-------------------------+-------+-------+-------++-------
Melee: Hand axe          |    75 |   107 |    85 ||   267
Throw: Throwing net      |       |       |     1 ||     1
  Use: Scroll            |     4 |     3 |     3 ||    10
       Potion            |       |     2 |     5 ||     7
 Stab: Confused          |     1 |       |       ||     1
       Held in net/web   |       |       |     1 ||     1
  Eat: Chunk             |       |     1 |     2 ||     3
       Beef jerky        |       |       |     1 ||     1
